 Dungeon Crawl Stone Soup version 0.20.1-1-g8b1a95d (webtiles) character file.

728 ScottishVillain the Skirmisher (level 7, -2/62 HPs)
             Began as a Black Draconian Wanderer on Dec 22, 2017.
             Was a Believer of Yredelemnul.
             Slain by a scorpion (3 damage)
             ... on level 5 of the Dungeon on Dec 27, 2017.
             The game lasted 00:45:28 (4539 turns).

ScottishVillain the Skirmisher (DrWn)               Turns: 4539, Time: 00:45:29

Health: -2/62      AC:  8    Str: 14    XL:     7   Next: 44%
Magic:  7/7        EV: 13    Int: 14    God:    Yredelemnul [**....]
Gold:   265        SH:  0    Dex: 11    Spells: 4/6 levels left

rFire    . . .     SeeInvis .   a - +2 dagger
rCold    . . .     Gourm    .   (no shield)
rNeg     . . .     Faith    .   (armour unavailable)
rPois    .         Spirit   .   (helmet restricted)
rElec    +         Reflect  .   (no cloak)
rCorr    .         Harm     .   p - +0 pair of gloves
MR       .....                  j - +0 pair of boots
Stlth    +++.......             (no amulet)
Regen    0.2/turn               k - ring of stealth
MPRegen  0.1/turn               (no ring)

@: no status effects
A: breathe lightning, unfitting armour, electricity resistance, cold-blooded, AC
+6
a: Breathe Lightning, Animate Remains, Recall Undead Slaves, Injury Mirror,
Renounce Religion


You were on level 5 of the Dungeon.
You worshipped Yredelemnul.
Yredelemnul was pleased with you.
You were not hungry.

You visited 2 branches of the dungeon, and saw 6 of its levels.

You collected 265 gold pieces.

Inventory:

Hand Weapons
 a - a +2 dagger (weapon)
 b - a +0 long sword
 c - a +0 hand crossbow
 l - a +0 flail
 u - a +0 spear
 y - a +0 hunting sling
Missiles
 d - 35 bolts
 g - 33 arrows
 i - 4 curare-tipped needles
 o - 5 javelins (quivered)
 r - 46 sling bullets
 A - 15 poisoned needles
 B - 4 tomahawks
Armour
 j - a +0 pair of boots (worn)
 p - a +0 pair of gloves (worn)
Jewellery
 k - a ring of stealth (left hand)
Wands
 h - a wand of digging (9/24)
Scrolls
 e - 2 scrolls of teleportation
 m - a scroll of remove curse
 n - 2 scrolls of identify
Books
 w - a book of Cantrips

   Spells                             Type                      Level
   a - Confusing Touch                Hexes                        1
   b - Animate Skeleton               Necromancy                   1
   c - Summon Small Mammal            Summoning                    1
   d - Apportation                    Translocation                1
Comestibles
 f - 3 bread rations
 t - a meat ration


   Skills:
 + Level 5.8 Fighting
 + Level 3.3(3.4) Short Blades
 + Level 1.2(2.4) Long Blades
 + Level 1.1 Crossbows
 + Level 3.9 Throwing
 + Level 3.8 Dodging
 + Level 3.0 Stealth
 + Level 0.6 Summonings


You had 4 spell levels left.
You knew the following spells:

 Your Spells              Type           Power        Failure   Level  Hunger
a - Summon Small Mammal   Summ           #...         22%         1    ##.....
b - Animate Skeleton      Necr           N/A          28%         1    ##.....


Dungeon Overview and Level Annotations

Branches:
Dungeon (5/15)             Temple (1/1) D:5

Altars:
Cheibriados
Dithmenos
Fedhas
Gozag
Kikubaaqudgha
Makhleb
Nemelex Xobeh
Okawaru
Qazlal
Ru
Sif Muna
Trog
Uskayaw
Vehumet
Xom
Yredelemnul
Zin
The Shining One

Annotations:
D:4 Natasha


Innate Abilities, Weirdness & Mutations

You can breathe wild blasts of lightning.
Your glossy black scales are hard. (AC +6)
You cannot fit into any form of body armour.
You are resistant to electric shocks. (rElec)
You are cold-blooded and may be slowed by cold attacks.


Message History

Yredelemnul accepts your kill.
You can now recall your undead slaves.
You can now mirror injuries on your foes.
Your Stealth skill increases to level 3!
The orc hits you with a club.
* * * LOW HITPOINT WARNING * * *
The orc priest closely misses you.
The orc priest casts a cantrip, but nothing happens.
The orc priest mumbles some strange prayers to Beogh against you.
Beogh smites you!
* * * LOW HITPOINT WARNING * * *
The scorpion barely misses you.
You hit the orc.
The orc is moderately wounded.
The scorpion stings you but does no damage.
The orc barely misses you.
You barely miss the orc.
The orc is moderately wounded.
The orc completely misses you. The scorpion stings you.
You die...
Your body rises from the dead as a mindless zombie.

..........#.##.#.#.#.#
......##'##.##.#...#.#
.###'###.##....#.###.#
..##......######.# #.#
#.##..##....# #.###.#
...#..##.##.# #.....# .
.♣.#......#'####.....# #..
>......###.....#.s...# .)..
.♣.#.#.#.......#@oo).# .....
...............#o###.###§....#
.###+#'#'#.#.....# #...os((..#
.##........#'##### #####....##
.##.............# ...#
.##.............###### ###
.##.......#..........#
..##.######..........# #.##.#
#..........#


You could see a scorpion, an orc priest and 2 orcs.

Vanquished Creatures
  A phantom (D:5)
  An ogre (D:4)
  4 hounds
  2 jellies (D:5)
  3 orc wizards (D:5)
  A bullfrog skeleton (D:5)
  A centaur skeleton (D:5)
  Ijyb (D:3)
  A worker ant (D:4)
  A worker ant zombie (D:5)
  3 gnolls (D:2)
  8 adders
  An adder zombie (D:5)
  2 dart slugs (D:1)
  A worm (D:4)
  A leopard gecko (D:4)
  4 orcs (D:5)
  4 giant cockroaches
  3 goblins (D:1)
  6 hobgoblins
  6 jackals
  A kobold (D:1)
  5 quokkas
  2 ball pythons
  6 bats
  3 frilled lizards
  A jackal skeleton (D:4)
  4 rats
77 creatures vanquished.

Notes
Turn   | Place    | Note
-------+----------+-------------------------------------------
     0 | D:1      | ScottishVillain the Draconian Wanderer began the quest for the Orb.
     0 | D:1      | ScottishVillain set off with: a +2 dagger, a potion of berserk rage, a +0 hand crossbow, 25 bolts, a scroll of teleportation, a bread ration
     0 | D:1      | Reached XP level 1. HP: 22/22 MP: 1/1
    56 | D:1      | Reached XP level 2. HP: 19/28 MP: 2/2
   152 | D:1      | Reached skill level 5 in Fighting
   550 | D:1      | Reached XP level 3. HP: 35/36 MP: 3/3
   904 | D:2      | Reached XP level 4. HP: 4/42 MP: 4/4
  1364 | D:3      | Found a faded altar of an unknown god.
  1395 | D:3      | Became a worshipper of Yredelemnul the Dark
  1395 | D:3      | Reached * piety under Yredelemnul
  1754 | D:3      | Learned a level 1 spell: Summon Small Mammal
  1996 | D:3      | Reached skill level 1 in Short Blades
  2028 | D:3      | Noticed Ijyb
  2129 | D:3      | Killed Ijyb
  2129 | D:3      | Reached XP level 5. HP: 24/48 MP: 5/5
  2428 | D:4      | Noticed Natasha
  2759 | D:4      | Noticed an ogre
  2768 | D:4      | Killed an ogre
  2768 | D:4      | Reached XP level 6. HP: 56/56 MP: 6/6
  2970 | D:5      | Entered Level 5 of the Dungeon
  2986 | D:5      | Learned a level 1 spell: Animate Skeleton
  3138 | D:5      | Your scales start taking on a glossy black colour.
  3138 | D:5      | Reached XP level 7. HP: 6/62 MP: 7/7
  3138 | D:5      | Gained mutation: You are resistant to electric shocks. (rElec) [Black Draconian growth]
  4119 | D:5      | Found a staircase to the Ecumenical Temple.
  4162 | Temple   | Entered the Ecumenical Temple
  4386 | D:5      | Reached skill level 1 in Long Blades
  4533 | D:5      | Reached ** piety under Yredelemnul
  4536 | D:5      | HP: 1/62 [orc priest/divine providence (10)]
  4539 | D:5      | Slain by a scorpion

Skill      XL: |  1  2  3  4  5  6  7 |
---------------+----------------------+-----
Fighting       | 5 |  5.8
Throwing       | 2 3 |  3.9
Dodging        | 2 3 |  3.8
Short Blades   | 1 2 3 |  3.3
Stealth        | 2 3 |  3.0
Long Blades    | 1 |  1.2
Crossbows      | |  1.1
Summonings     | |  0.6

Action                   |  1- 3 |  4- 6 |  7- 9 || total
-------------------------+-------+-------+-------++-------
Melee: Dagger            |    94 |   182 |    85 ||   361
       Tailslap          |    10 |    23 |    15 ||    48
       Long sword        |       |    10 |       ||    10
 Fire: Hand crossbow     |     7 |     1 |     4 ||    12
Throw: Javelin           |     8 |    38 |    19 ||    65
       Tomahawk          |       |     4 |     1 ||     5
 Cast: Summon Small Mamm |       |     2 |       ||     2
Evoke: Wand              |       |     1 |       ||     1
  Use: Scroll            |       |     6 |     1 ||     7
       Potion            |       |     8 |       ||     8
 Stab: Sleeping          |       |     4 |       ||     4
  Eat: Bread ration      |       |     1 |     1 ||     2
       Chunk             |       |     1 |       ||     1
       Royal jelly       |       |     2 |       ||     2
Armor: Skin              |    31 |    61 |    31 ||   123
Dodge: Dodged            |   108 |   122 |    45 ||   275
       Rpst.: Long sword |       |     4 |       ||     4
